[Event "Live Chess"]
[Site "Chess.com"]
[Date "2023.05.20"]
[Round "-"]
[White "Driftboard"]
[Black "Conradical12"]
[Result "0-1"]
[WhiteElo "691"]
[BlackElo "1537"]
[TimeControl "300"]
[EndTime "11:30:19 PDT"]
[Termination "Conradical12 won by checkmate"]

1. e4 e5 2. Nf3 Nc6 3. Nc3 Nf6 4. Bb5 Bb4 5. Bxc6 Bxc3 6. dxc3 bxc6 7. O-O O-O 8. Bg5 Ba6 9. Bxf6 Qxf6 10. Re1 Rfe8 11. h3 d5 12. b3 Rad8 13. Rb1 dxe4 14. Nd2 Qf4 15. Rxe4 Qxd2 16. Qxd2 Rxd2 17. Re3 Rxc2 18. c4 Rxa2 19. Rbe1 f6 20. f4 Ra5 21. fxe5 Raxe5 22. Rxe5 Rxe5 23. Rd1 Re3 24. Rd8+ Kf7 25. Rd7+ Kg6 26. Rxc7 Rxb3 27. Rxc6 Ra3 28. c5 Bb5 29. Rc7 Rc3 30. Rxa7 Rxc5 31. Rb7 Bd3 32. Rb3 Rc1+ 33. Kh2 Bf5 34. Rf3 Rc4 35. g4 Be4 36. Rf4 Kg5 37. Rf1 Rc2+ 38. Kg1 Rg2+ 39. Kh1 Kh4 40. Rf4 Kxh3 41.
Rxe4 Ra2 42. Re3+ Kxg4 43. Re4+ Kh3 44. Re3+ Kh4 45. Re4+ Kg5 46. Rb4 h5 47. Kg1 h4 48.
Kh1 h3 49. Rb3 Kg4 50. Rc3 f5 51. Rd3 f4 52. Kg1 f3 53. Rc3 Kg3 54. Kf1 Ra1+ 55. Rc1 Rxc1# 0-1

[Event "Live Chess"]
[Site "Chess.com"]
[Date "2023.05.20"]
[Round "-"]
[White "Duke_of_Bebington"]
[Black "Yehor20132013"]
[Result "1-0"]
[WhiteElo "1573"]
[BlackElo "606"]
[TimeControl "300"]
[EndTime "11:30:19 PDT"]
[Termination "Duke_of_Bebington won - game abandoned"]

1. e4 e5 2. Nf3 Bc5 3. Bc4 d6 4. d3 Bg4 5. h3 Bxf3 6. Qxf3 Ne7 7. Qxf7+ Kd7 8. Be6+ Kc6 9. Bd5+ Kd7 10. Bxb7 Qg8 11.
Qxg8 Rxg8 12. Bxa8 Na6 13. Bd5 1-0

[Event "Live Chess"]
[Site "Chess.com"]
[Date "2023.05.20"]
[Round "-"]
[White "ViktorTheCoolBoy"]
[Black "dudeasy"]
[Result "1-0"]
[WhiteElo "2543"]
[BlackElo "1159"]
[TimeControl "300"]
[EndTime "11:30:24 PDT"]
[Termination "ViktorTheCoolBoy won by checkmate"]

1. d4 Nf6 2. c4 e6 3. g3 b6 4.
Bg2 Nc6 5. Nf3 Bb7 6. O-O Be7 7.
Nc3 O-O 8. d5 exd5 9. cxd5 Nb4 10. Ne5 d6 11. Nc4 Na6 12. a3 Nc5 13. b4 Ncd7 14. Bb2 Re8 15. e4 h6 16. Re1 Ne5 17. Ne3 Qd7 18. h3 a5 19. f4 Ng6 20. Nf5 axb4 21.
axb4 Rxa1 22. Bxa1 Ra8 23. Qd2 Nh5 24. Bf3 Nf6 25. g4 c6 26. dxc6 Bxc6 27. h4 Qc7 28.
h5 Nf8 29. g5 hxg5 30. fxg5 N6h7 31. g6 fxg6 32. Nd5 Bxd5 33. Qxd5+ Kh8 34. Bxg7# 1-0

[Event "Live Chess"]
[Site "Chess.com"]
[Date "2023.05.20"]
[Round "-"]
[White "Pandreq"]
[Black "CocheseUK"]
[Result "1-0"]
[WhiteElo "1271"]
[BlackElo "1076"]
[TimeControl "300"]
[EndTime "11:30:27 PDT"]
[Termination "Pandreq won by checkmate"]

1. d4 d5 2. c4 dxc4 3. e4 e6 4. Bxc4 Bb4+ 5. Nc3 Nf6 6. e5 Nfd7 7. Bd2 Nb6 8. b3 Nc6 9. Nb5 Bxd2+ 10. Qxd2 a6 11. Nc3 Qxd4 12. O-O-O Qxd2+ 13. Rxd2 Nxc4 14. bxc4 Nxe5 15. c5 O-O 16. Re2 Nd3+ 17. Kb1 Nxc5 18. Rc2 b6 19. Nge2 Rd8 20. Rd1 Rxd1+ 21. Nxd1 Nd3 22.
Rd2 Nc5 23. Rd8# 1-0

[Event "Live Chess"]
[Site "Chess.com"]
[Date "2023.05.20"]
[Round "-"]
[White "apl_trainer"]
[Black "CheckThis4"]
[Result "0-1"]
[WhiteElo "1622"]
[BlackElo "2552"]
[TimeControl "300"]
[EndTime "11:30:28 PDT"]
[Termination "CheckThis4 won by resignation"]

1. d4 Nf6 2. c4 g6 3. Nc3 d5 4. cxd5 Nxd5 5. e4 Nxc3 6. bxc3 Bg7 7. Qa4+ Nd7 8. Nf3 O-O 9. h4 h5 10. e5 c5 11. e6 Nb6 12. exf7+ Rxf7 13. Qb3 c4 14. Bxc4 Nxc4 15. Qxc4 e6 16. Ng5 Rc7 17. Qd3 Qe8 18. Bf4 Re7 19. O-O b5 20. a4 bxa4 21. c4 Bb7 22. Rfe1 Rd8 23. d5 Bxa1 24. Rxa1 exd5 25. c5 d4 26. Bd6 Re1+ 27. Rxe1 Qxe1+ 28.
Kh2 Rxd6 29. cxd6 Qe5+ 30. Kg1 Qxd6 31. Qb5 Qc6 0-1

[Event "Live Chess"]
[Site "Chess.com"]
[Date "2023.05.20"]
[Round "-"]
[White "Tema1107"]
[Black "Chesscoach_Golichenko"]
[Result "0-1"]
[WhiteElo "1968"]
[BlackElo "2654"]
[TimeControl "300"]
[EndTime "11:30:34 PDT"]
[Termination "Chesscoach_Golichenko won on time"]

1. Nf3 Nf6 2. c4 e6 3. Nc3 d5 4. cxd5 exd5 5. d4 h6 6. g3 Bd6 7.
Bg2 O-O 8. O-O c6 9. Bf4 Bxf4 10. gxf4 Qd6 11. e3 Bg4 12. Qb3 Bxf3 13. Bxf3 b6 14. Kh1 Nbd7 15. Rg1 Kh8 16. Rad1 Rg8 17. Qc2 Nh7 18. Rg3 g6 19. Qe2 f5 20. Rdg1 g5 21. Qd3 Qe6 22. Bd1 gxf4 23. exf4 Ndf6 24. f3 Rxg3 25.
hxg3 Rg8 26. Bc2 Nh5 27. Kh2 Rf8 28. Qd2 Qf6 29. Qe3 Ng7 30. Re1 h5 31. Kh3 h4 32.
gxh4 Re8 33. Qf2 Ne6 34. Re5 Nxf4+ 35. Kh2 Rxe5 36. dxe5 Qxe5 37. Qg3 d4 38. Nd1 Qe2+ 39. Kg1 Qxc2 0-1

[Event "Live Chess"]
[Site "Chess.com"]
[Date "2023.05.20"]
[Round "-"]
[White "lightningorderyt"]
[Black "Enhard"]
[Result "0-1"]
[WhiteElo "558"]
[BlackElo "1441"]
[TimeControl "300"]
[EndTime "11:30:34 PDT"]
[Termination "Enhard won by resignation"]

1. d4 c6 2. e4 d5 3. exd5 cxd5 4. Nf3 Bf5 5. Nc3 e6 6. Bf4 Nc6 7. Bb5 a6 8. Ba4 b5 9. Bb3 Nf6 10. O-O Be7 11. a4 O-O 12. axb5 axb5 13. Nxb5 Rxa1 14.
Qxa1 Qb6 15. Nc7 Nxd4 16. Nxd4 Qxd4 17. g3 Bh3 18. Rd1 Qe4 19. f3 Qxf3 20. Rd2 Bc5+ 0-1

[Event "Live Chess"]
[Site "Chess.com"]
[Date "2023.05.20"]
[Round "-"]
[White "chessleanstrategist"]
[Black "Olisingapore"]
[Result "0-1"]
[WhiteElo "400"]
[BlackElo "1908"]
[TimeControl "300"]
[EndTime "11:30:48 PDT"]
[Termination "Olisingapore won on time"]

1. c4 e5 2. Nc3 Bb4 3. g3 Nf6 4. Nf3 c6 5. Bg2 d5 6. b3 d4 7.
Nb1 e4 8. Ne5 O-O 9. e3 d3 10.
Bb2 Nbd7 11. Nxd7 Qxd7 12. O-O Qd6 13. a3 Ba5 14. b4 Bc7 15. Bxf6 Qxf6 16. Nc3 Re8 17.
Nxe4 Qg6 18. Qb3 Rxe4 19. Qxd3 Re6 20. Qxg6 Rxg6 21. a4 Be5 22. d4 Bd6 23. c5 Be7 24. Rfd1 Bg4 0-1

[Event "Live Chess"]
[Site "Chess.com"]
[Date "2023.05.20"]
[Round "-"]
[White "smoggyrabbit"]
[Black "manthanit"]
[Result "1-0"]
[WhiteElo "1621"]
[BlackElo "952"]
[TimeControl "300"]
[EndTime "11:30:55 PDT"]
[Termination "smoggyrabbit won by resignation"]

1. d4 e6 2. Nf3 d5 3. e3 c5 4. b3 a6 5. Bd3 Nc6 6. O-O Qb6 7.
Bb2 Nf6 8. Qc1 Bd6 9. Nbd2 Qc7 10. h3 e5 11. dxe5 Nxe5 12. Be2 Nxf3+ 13. Nxf3 O-O 14.
Bxf6 gxf6 15. Qd2 Kh8 16. Qxd5 Be6 17. Qh5 Rg8 18. Bd3 Rg6 19. Bxg6 fxg6 20. Qh4 Be7 21.
Rad1 b5 22. Rd2 f5 23. Ng5 Bxg5 24. Qxg5 Qe5 25. Rfd1 c4 26. Qe7 cxb3 27. Rd8+ Rxd8 28. Rxd8+ 1-0

[Event "Live Chess"]
[Site "Chess.com"]
[Date "2023.05.20"]
[Round "-"]
[White "GMHarry-youtube"]
[Black "flyingpuffins"]
[Result "1-0"]
[WhiteElo "2112"]
[BlackElo "1976"]
[TimeControl "300"]
[EndTime "11:30:57 PDT"]
[Termination "GMHarry-youtube won by checkmate"]

1. e4 d5 2. exd5 Qxd5 3. Nc3 Qe5+ 4. Qe2 Qxe2+ 5. Bxe2 Nf6 6. d4 Bf5 7. Bf4 c6 8. O-O-O e6 9. Nf3 Bb4 10. Ne5 Bxc3 11.
bxc3 O-O 12. h4 h6 13. g4 Bh7 14. g5 hxg5 15. hxg5 Ne4 16. Bd3 Bf5 17. Rh4 Nxf2 18. Rf1 Nxd3+ 19. cxd3 Bxd3 20. Rfh1 f6 21. Rh8# 1-0

[Event "Live Chess"]
[Site "Chess.com"]
[Date "2023.05.20"]
[Round "-"]
[White "1600x"]
[Black "MrDodgy"]
[Result "0-1"]
[WhiteElo "1556"]
[BlackElo "2316"]
[TimeControl "300"]
[EndTime "11:30:59 PDT"]
[Termination "MrDodgy won by resignation"]

1. d4 Nf6 2. Nc3 d5 3. Nf3 g6 4. e4 dxe4 5. Nxe4 Nxe4 6. Ne5 Bg7 7. Nf3 O-O 8. Bd3 Nf6 9. c3 c5 10. Be3 cxd4 11. cxd4 Nc6 12. h3 Nd5 13. O-O Nxe3 14.
fxe3 e5 15. d5 Qxd5 16. e4 Qc5+ 17. Kh1 Be6 18. Ng5 Nd4 19. Rc1 Qb6 20. Nxe6 Nxe6 21. Qb3 Qxb3 22. axb3 Rac8 23. Rxc8 Rxc8 24. Bc4 Rc6 25. h4 a6 26. Bd5 Rb6 27. g3 Kf8 28. h5 Ke7 29. Kg2 f6 30. Rh1 Nc7 31. h6 Bf8 32. Bc4 Nb5 33. Rd1 Nd6 34. Bd5 f5 35.
exf5 gxf5 36. Rh1 Kf6 37. Bg8 Kg5 38. Rf1 Bxh6 39. Be6 Kf6 40. Bd5 Bg5 41. g4 f4 42.
Kf2 e4 43. Ke2 Ke5 44. Rd1 f3+ 45. Kf1 e3 46. Bxf3 Ne4 47. Ke2 Rxb3 48. Rb1 Nc3+ 49.
bxc3 Rxb1 50. Kd3 Rf1 51. Bxb7 a5 52. Ba6 a4 53. Ke2 Rf2+ 54. Ke1 Rc2 55. Kf1 a3 56.
Bc4 a2 57. Kg1 a1=Q+ 0-1

[Event "Live Chess"]
[Site "Chess.com"]
[Date "2023.05.20"]
[Round "-"]
[White "booktrunk"]
[Black "BillythekidFellowes"]
[Result "0-1"]
[WhiteElo "1335"]
[BlackElo "2013"]
[TimeControl "300"]
[EndTime "11:31:07 PDT"]
[Termination "BillythekidFellowes won by checkmate"]

1. d4 e5 2. dxe5 Nc6 3. Bf4 Qe7 4. Nf3 Qb4+ 5. Bd2 Qxb2 6. Bc3 Bb4 7. e3 Qxa1 8. Bxb4 Nxb4 9. Bd3 Nxd3+ 10. cxd3 Qxa2 11.
O-O Ne7 12. Nc3 Qa3 13. Ne4 O-O 14. d4 Ng6 15. Nc5 b6 16. Nd3 Bb7 17. Qc2 Bxf3 18. gxf3 Qe7 19. Qxc7 Qg5+ 20. Kh1 Nh4 21. Rg1 Qf5 22.
Nf4 g5 23. Rg3 Kh8 24. Qb7 gxf4 25. exf4 Rac8 26. h3 Rg8 27. Kh2 Rxg3 28. Kxg3 Rg8+ 29. Kh2 Rg2+ 30. Kh1 Qxh3# 0-1

[Event "Live Chess"]
[Site "Chess.com"]
[Date "2023.05.20"]
[Round "-"]
[White "noobsmoker24"]
[Black "EdenHazard8"]
[Result "0-1"]
[WhiteElo "1379"]
[BlackElo "2091"]
[TimeControl "300"]
[EndTime "11:31:13 PDT"]
[Termination "EdenHazard8 won by resignation"]

1. e4 e5 2. Nf3 Nc6 3. Bc4 Bc5 4.
c3 Nf6 5. d3 d6 6. Nbd2 h6 7.
Bb3 O-O 8. O-O Bg4 9. Re1 Bh5 10. Nf1 Ng4 11. d4 exd4 12. cxd4 Bb6 13. h3 Nf6 14. Ng3 Bg6 15. Bc2 Nb4 16. Bb3 Re8 17. e5 dxe5 18. dxe5 Qxd1 19. Rxd1 Ne4 20. Nxe4 Bxe4 21. Bf4 Rad8 22.
Nd2 Bg6 23. Nc4 Nd3 24. Bg3 Bd4 25. e6 Re7 26. Bh4 f6 27. Bc2 Nf4 28. Bb3 c5 29. Re1 b5 30. Na5 c4 31. Nc6 cxb3 32. Nxe7+ Kh7 33.
Nxg6 Nxg6 34. Bg3 Bxb2 35. Rab1 Bc3 36. Rec1 bxa2 37. Ra1 Bxa1 38. Rxa1 Rd2 39. Re1 b4 40. e7 Nxe7 41. Bf4 Rb2 0-1

[Event "Live Chess"]
[Site "Chess.com"]
[Date "2023.05.20"]
[Round "-"]
[White "vinni3012"]
[Black "viktorskliarov"]
[Result "0-1"]
[WhiteElo "1809"]
[BlackElo "2650"]
[TimeControl "300"]
[EndTime "11:31:20 PDT"]
[Termination "viktorskliarov won by resignation"]

1. d4 Nf6 2. c4 e6 3. Nc3 Bb4 4. Qc2 c5 5. dxc5 Na6 6. Nf3 Nxc5 7. Bd2 O-O 8. e3 b6 9. a3 Bxc3 10. Bxc3 Bb7 11. b4 Be4 12. Qb2 Na4 13. Qb3 Nxc3 14. Qxc3 Rc8 15. Nd2 d5 16. f3 Bg6 17. Bd3 Bxd3 18. Qxd3 dxc4 19. Qxd8 Rfxd8 20. Ke2 b5 21. e4 Nd7 22. f4 Nb6 23. Rhd1 Rd3 24. Nf3 Rcd8 25.
Ne5 Rxd1 26. Rxd1 Rxd1 27. Kxd1 a6 28. Kc2 Kf8 29. Nc6 Nd7 30. a4 f6 31. axb5 axb5 32.
Nd4 e5 33. Nxb5 exf4 34. Nd6 Ne5 35. Kc3 Ke7 36. Nxc4 Ng4 37. Kd4 Nxh2 38. Kd5 Kd7 39. e5 Ng4 40. e6+ Ke7 41. b5 Ne3+ 42. Kd4 Nxc4 43.
Kxc4 Kxe6 44. Kc5 Kd7 45. Kb6 h5 46. Ka7 h4 47. b6 h3 48. gxh3 f3 49. b7 f2 50. b8=Q f1=Q 51. Qb7+ Ke6 52. Qe4+ Kf7 53. Qb7+ Kg6 54. Qe4+ Qf5 0-1

[Event "Live Chess"]
[Site "Chess.com"]
[Date "2023.05.20"]
[Round "-"]
[White "Leonid_Starozhilov"]
[Black "ranvir123"]
[Result "1-0"]
[WhiteElo "2653"]
[BlackElo "905"]
[TimeControl "300"]
[EndTime "11:31:31 PDT"]
[Termination "Leonid_Starozhilov won on time"]

1. e4 e5 2. Nf3 Nc6 3. d4 exd4 4.
Bc4 Nf6 5. O-O Bc5 6. e5 Ng4 7. Bxf7+ Kxf7 8. Ng5+ Ke8 9. Qxg4 d5 10. e6 h6 11.
Qh5+ Ke7 12. Qf7+ Kd6 13. Bf4+ Ne5 14. Nf3 Rf8 15. Nxe5 Rxf7 16. Nxf7+ Ke7 17. Nxd8 Kxd8 18.
Nd2 Bxe6 19. Nb3 Bb6 20. Be5 c5 21. Rfe1 Kd7 22. Bxg7 h5 23. a4 Rg8 24. a5 Rxg7 25. axb6 axb6 26. Re5 h4 27. Rae1 Bh3 28. g3 hxg3 29. hxg3 Kd6 30. Nd2 Rf7 31. f4 Bf5 32. c3 c4 33. cxd4 1-0

[Event "Live Chess"]
[Site "Chess.com"]
[Date "2023.05.20"]
[Round "-"]
[White "risinghelios"]
[Black "raminguy"]
[Result "1-0"]
[WhiteElo "1942"]
[BlackElo "1970"]
[TimeControl "300"]
[EndTime "11:31:35 PDT"]
[Termination "risinghelios won by resignation"]

1. e4 e5 2. Nf3 Nc6 3. Bc4 Bc5 4. b4 Bxb4 5. c3 Ba5 6. d4 b5 7. Bxb5 Nxd4 8. Nxd4 exd4 9. Qxd4 Qf6 10. O-O Qxd4 11. cxd4 Ne7 12. Be3 O-O 13. Bd3 Bb6 14. Nc3 Bb7 15.
a4 a5 16. Rab1 Rab8 17. Nb5 Rfe8 18. Nd6 cxd6 19. Rxb6 Ng6 20. Rfb1 1-0

[Event "Live Chess"]
[Site "Chess.com"]
[Date "2023.05.20"]
[Round "-"]
[White "whitedjohn"]
[Black "OceanFloater"]
[Result "1-0"]
[WhiteElo "1670"]
[BlackElo "961"]
[TimeControl "300"]
[EndTime "11:31:40 PDT"]
[Termination "whitedjohn won by checkmate"]

1. e4 c6 2. d4 d5 3. exd5 cxd5 4. Bd3 Nf6 5. c3 Nc6 6. Bf4 e6 7. Nf3 Bd6 8. Bxd6 Qxd6 9. O-O Ng4 10. h3 Nf6 11.
Re1 O-O 12. Ne5 Nxe5 13. dxe5 Qd8 14. exf6 Qxf6 15. Nd2 e5 16. Qh5 h6 17. Bc2 e4 18. Nb3 Bd7 19. Nd4 Kh7 20. Qxd5 Bxh3 21. Qxe4+ g6 22. gxh3 Qg5+ 23. Kh2 Qd2 24. Re2 Qg5 25. Rg1 Qd8 26. Rxg6 Qd6+ 27. Rg3+ Kh8 28. Qh7# 1-0

[Event "Live Chess"]
[Site "Chess.com"]
[Date "2023.05.20"]
[Round "-"]
[White "siddu198"]
[Black "AttackingSnowLeopard"]
[Result "0-1"]
[WhiteElo "1626"]
[BlackElo "2053"]
[TimeControl "300"]
[EndTime "11:31:43 PDT"]
[Termination "AttackingSnowLeopard won by resignation"]

1. e4 c6 2. d4 d5 3. exd5 cxd5 4. Bb5+ Bd7 5. Nc3 Bxb5 6. Nxb5 a6 7. Nc3 Nc6 8. Bf4 Nf6 9. Nf3 e6 10. O-O Bd6 11. Bxd6 Qxd6 12. Re1 O-O 13. Ne5 b5 14.
Nxc6 Qxc6 15. Ne2 b4 16. c3 bxc3 17. bxc3 Rab8 18. Rb1 Ne4 19. Rxb8 Rxb8 20. Qc2 Nd6 21. Rb1 Rb5 22. h3 h6 23. Rxb5 Qxb5 24. Ng3 Nc4 25. Qb3 Qxb3 26. axb3 Nd2 27. b4 Nb1 28. Ne2 Kf8 29.
Kf1 Ke7 30. Ke1 Kd6 31. Kd1 Kc6 32. Kc1 Na3 33. Ng3 g6 34. h4 h5 35. Ne2 Nc4 36. f3 Kb5 37. g4 Ne3 38. Kd2 Nc4+ 39. Kd3 Nb2+ 40. Kd2 Nc4+ 41. Ke1 Nd6 42. gxh5 gxh5 43. Nf4 Nf5 44. Nxh5 Nxh4 45. Ke2 Kc4 46. Kd2 Nxf3+ 47. Kc2 Ng5 48. Ng3 Ne4 49. Ne2 f6 50. Kb2 e5 51.
dxe5 fxe5 52. Kc2 d4 53. cxd4 exd4 54. Nxd4 Kxd4 55. Kb3 Nd6 56. Ka4 Nb7 57. b5 a5 58.
b6 Kc5 0-1

[Event "Live Chess"]
[Site "Chess.com"]
[Date "2023.05.20"]
[Round "-"]
[White "LaupMiths"]
[Black "Ayursworld"]
[Result "1-0"]
[WhiteElo "1835"]
[BlackElo "1314"]
[TimeControl "300"]
[EndTime "11:31:51 PDT"]
[Termination "LaupMiths won by checkmate"]

1. d4 d5 2. c4 dxc4 3. e4 e6 4.
Bxc4 Nf6 5. Nc3 Bb4 6. Qd3 O-O 7. Bd2 Bxc3 8. bxc3 e5 9. dxe5 Qxd3 10. Bxd3 Ng4 11.
f4 Nc6 12. h3 Nh6 13. Nf3 f5 14.
exf6 Rxf6 15. O-O Rd6 16. Bc4+ Kh8 17. Rad1 Be6 18. Bxe6 Rxe6 19. Ng5 Re7 20. Bc1 Ree8 21. Rd7 Rac8 22. Rfd1 Rg8 23. c4 a6 24. Bb2 Nb4 25. Ne6 Rce8 26. f5 Nxa2 27. Nxg7 Rxg7 28. Rxg7 Rg8 29. Rdd7 Rxg7 30. Rxg7 Nxf5 31. Rf7+ Kg8 32. Rxf5 Nb4 33. e5 Nd3 34. Bc3 Nxe5 35. Rxe5 c5 36. Rxc5 b5 37. cxb5 axb5 38. Rxb5 Kf7 39. Rb6 h5 40. g4 hxg4 41. hxg4 Kg8 42. Kg2 Kf7 43.
g5 Kg8 44. Rb7 Kf8 45. g6 Kg8 46. Rb8# 1-0

[Event "Live Chess"]
[Site "Chess.com"]
[Date "2023.05.20"]
[Round "-"]
[White "OleksiyJr1"]
[Black "jagbama"]
[Result "1-0"]
[WhiteElo "921"]
[BlackElo "1124"]
[TimeControl "300"]
[EndTime "11:32:03 PDT"]
[Termination "OleksiyJr1 won by resignation"]

1. e4 e5 2. Nf3 Nc6 3. Bc4 Bc5 4.
Nc3 h6 5. d3 Nf6 6. O-O d6 7.
h3 Nd4 8. Nxd4 Bxd4 9. Qe2 g6 10. Bd2 Nh5 11. Rab1 Bxc3 12. Bxc3 Nf4 13. Qf3 Qg5 14. Bd2 Bxh3 15. Bxf4 exf4 16. Qxh3 h5 17. g3 f3 18. Qh4 f6 19. Qxg5 fxg5 20. Rbe1 O-O-O 21. e5 d5 22. Bb3 h4 23. e6 h3 24. Kh2 g4 25. Re5 c6 26.
Rg5 Rde8 27. Rxg6 Rhg8 28. Rxg8 Rxg8 29. Re1 Re8 30. Re5 Kc7 31. Rg5 Kd6 32. Rxg4 Rxe6 33.
Rf4 a5 34. a4 b6 35. Rxf3 Re2 36. Kxh3 c5 37. Rf6+ Ke5 38. Rf7 c4 39. Re7+ 1-0

[Event "Live Chess"]
[Site "Chess.com"]
[Date "2023.05.20"]
[Round "-"]
[White "martynstanley"]
[Black "Albul"]
[Result "0-1"]
[WhiteElo "1031"]
[BlackElo "2162"]
[TimeControl "300"]
[EndTime "11:32:09 PDT"]
[Termination "Albul won by checkmate"]

1. d4 f5 2. e3 Nf6 3. Bd3 d6 4. f4 g6 5. Nf3 Bg7 6. O-O O-O 7. c3 c6 8. Nbd2 Qe8 9. e4 fxe4 10. Nxe4 Nxe4 11.
Bxe4 Nd7 12. Ng5 e5 13. fxe5 Rxf1+ 14. Qxf1 dxe5 15. dxe5 Nxe5 16. Nf3 Nxf3+ 17. Qxf3 Be6 18. Bd2 Rd8 19. Rd1 Bxa2 20. Kf1 Bb3 21. Kg1 Bxd1 22. Qxd1 Qxe4 23. Qe1 Qxe1+ 24. Bxe1 Rd1 25. Kf2 Rxe1 26. Kxe1 Kf7 27. h3 Ke6 28. Kd2 Kd5 29. Kd3 b5 30. b3 c5 31. g3 c4+ 32. Kc2 Be5 33. b4 Bxg3 34. Kd2 Ke4 35. Ke2 Be5 36. Kd2 g5 37. Kc2 h5 38. Kd2 g4 39. hxg4 hxg4 40. Ke2 Bxc3 41. Kf2 Bxb4 42. Kg3 c3 43. Kxg4 c2 44. Kg5 c1=Q+ 45. Kg6 Qf1 46. Kg7 Bc3+ 47. Kg6 Qf5+ 48. Kh6 Qg4 49. Kh7 Qg7# 0-1

[Event "Live Chess"]
[Site "Chess.com"]
[Date "2023.05.20"]
[Round "-"]
[White "MJMykh"]
[Black "AyannaTang"]
[Result "1-0"]
[WhiteElo "1034"]
[BlackElo "176"]
[TimeControl "300"]
[EndTime "11:32:11 PDT"]
[Termination "MJMykh won by checkmate"]

1. e4 e5 2. Nf3 d5 3. exd5 e4 4.
Ng1 Qxd5 5. Nc3 Qe6 6. Nb5 Qb6 7. Nc3 Qc6 8. Bb5 Qxb5 9. Nxb5 Na6 10. Qe2 Bd7 11. Qxe4+ Be7 12. Qxb7 Rc8 13. Qxa6 Rd8 14. Nxc7+ Kf8 15. Qxa7 Nf6 16. Nf3 Bd6 17. Nd4 Bxc7 18. Qxc7 Ke7 19. Qc5+ Ke8 20. O-O h5 21. Re1+ Be6 22.
Nxe6 fxe6 23. Rxe6+ Kd7 24. Qd6+ Kc8 25. Qc6+ Kb8 26.
Re7 Rh6 27. Qb7# 1-0

[Event "Live Chess"]
[Site "Chess.com"]
[Date "2023.05.20"]
[Round "-"]
[White "alanmike75"]
[Black "BostonStrangler"]
[Result "1/2-1/2"]
[WhiteElo "1516"]
[BlackElo "2046"]
[TimeControl "300"]
[EndTime "11:32:19 PDT"]
[Termination "Game drawn by repetition"]

1. e4 c5 2. Nf3 g6 3. d4 cxd4 4.
Nxd4 Nc6 5. Nxc6 bxc6 6. Bd3 Bg7 7. O-O d6 8. Re1 Nf6 9. c4 O-O 10. Nc3 Nd7 11. Be3 a5 12. Rc1 Ne5 13. Be2 Be6 14. b3 Qb8 15. f4 Nd7 16. Kh1 Nf6 17. Bf3 Rd8 18. Qe2 Qb4 19. Bd2 Qa3 20. Be3 Qb4 21. Bd2 Qb6 22. Be3 Qc7 23. Nd5 cxd5 24. cxd5 Qd7 25.
dxe6 Qxe6 26. Bd4 Rac8 27. e5 dxe5 28. Bxe5 Nd7 29. Rxc8 Rxc8 30. Bxg7 Qxe2 31. Bxe2 Kxg7 32. Bc4 e6 33. g3 Nb6 34. Rc1 Kf6 35. Kg2 Ke7 36.
Kf3 Kd6 37. Rd1+ Kc5 38. Rc1 Kb4 39. Ke4 Nxc4 40. bxc4 Rxc4+ 41. Rxc4+ Kxc4 42. Ke5 Kc3 43. Kf6 Kb2 44. Kxf7 Kxa2 45. Kxe6 Kb2 46. g4 a4 47.
f5 gxf5 48. gxf5 a3 49. f6 a2 50. f7 a1=Q 51. f8=Q Qa6+ 52. Ke7 Qa3+ 53. Kf7 Qf3+ 54. Kg7 Qg2+ 55. Kxh7 Qxh2+ 56. Kg7 Qg2+ 57. Kh7 Qh2+ 58. Kg7 Qg2+ 59. Kh7 Qh2+ 1/2-1/2

[Event "Live Chess"]
[Site "Chess.com"]
[Date "2023.05.20"]
[Round "-"]
[White "zdanevych"]
[Black "mightysmasher"]
[Result "0-1"]
[WhiteElo "1527"]
[BlackElo "2143"]
[TimeControl "300"]
[EndTime "11:32:19 PDT"]
[Termination "mightysmasher won by resignation"]

1. d4 d5 2. c4 e6 3. Nc3 Nf6 4. Nf3 Be7 5. h3 O-O 6. Bf4 Ne4 7. e3 f5 8. Be2 Bf6 9. Ne5 c5 10. O-O Nc6 11. cxd5 exd5 12. Nxc6 bxc6 13. Nxe4 fxe4 14. dxc5 Bxb2 15. Rb1 Bf6 16. Bd6 Be7 17. Bxe7 Qxe7 18. Qa4 Bd7 19. Qd4 Rf6 20. f3 Rg6 21. Kh1 Qh4 22.
fxe4 Bxh3 23. e5 Bxg2+ 0-1

[Event "Live Chess"]
[Site "Chess.com"]
[Date "2023.05.20"]
[Round "-"]
[White "PaulHumphreys"]
[Black "mattlirious"]
[Result "0-1"]
[WhiteElo "1364"]
[BlackElo "1324"]
[TimeControl "300"]
[EndTime "11:32:26 PDT"]
[Termination "mattlirious won on time"]

1. d4 f5 2. Nc3 Nf6 3. Bg5 e6 4. e4 Be7 5. e5 Ng8 6. h4 h6 7. Qh5+ Kf8 8. Nf3 Qe8 9. Bxe7+ Nxe7 10. Qxe8+ Kxe8 11. h5 Nbc6 12. O-O-O b6 13. Be2 Bb7 14. Nh4 Nb4 15. Bf3 Bxf3 16. gxf3 d6 17. f4 Kd7 18. Rhg1 Rag8 19. Rg2 d5 20. Rdg1 Rh7 21.
Ng6 Nbc6 22. Ne2 Nxg6 23. hxg6 Rhh8 24. c3 h5 25. Ng3 h4 26. Ne2 h3 27. Rh2 Ne7 28. Rg3 a5 29. Ng1 Rh4 30. Rhxh3 Rxf4 31. f3 c5 32. Ne2 Re4 33. fxe4 dxe4 34. Nf4 cxd4 35. cxd4 Rc8+ 36. Kd2 Rc4 37. Rd3 exd3 38. Kxd3 Ra4 39. a3 Nc6 40. Ne2 b5 41. Rh7 b4 42.
Rxg7+ Ke8 43. axb4 Nxb4+ 44. Kc3 Nd5+ 45. Kc2 f4 46. Ra7 Ne3+ 47. Kd2 Nf1+ 48. Ke1 Ng3 49. g7 Ra1+ 50. Kf2 Rf1+ 51. Kg2 Rf2+ 52. Kxf2 Ne4+ 0-1

[Event "Live Chess"]
[Site "Chess.com"]
[Date "2023.05.20"]
[Round "-"]
[White "LL220284LL"]
[Black "Supertromp"]
[Result "1-0"]
[WhiteElo "2393"]
[BlackElo "2178"]
[TimeControl "300"]
[EndTime "11:32:32 PDT"]
[Termination "LL220284LL won on time"]

1. Nf3 Nf6 2. g3 g6 3. Bg2 Bg7 4. O-O O-O 5. Re1 d6 6. e4 e5 7. Nc3 Nc6 8. d4 Bg4 9. d5 Nd4 10. Be3 Nxf3+ 11. Bxf3 Bxf3 12. Qxf3 Qd7 13. Qg2 Ng4 14.
Bd2 f5 15. f3 Nf6 16. Ne2 fxe4 17. fxe4 Qa4 18. Nc3 Qxc2 19. Bg5 Qxg2+ 20. Kxg2 h6 21. Be3 Ng4 22. Bg1 h5 23. Rac1 Bh6 24. Rc2 Rf7 25. Nb5 Raf8 26. Ree2 h4 27. Nxc7 Rf1 28. Ne6 R8f7 29.
gxh4 Ra1 30. h3 Nf6 31. a3 Nh5 32. Be3 Bxe3 33. Rxe3 Rff1 34. Rc8+ Kh7 35. Ng5+ Kh6 36. Ne6 Nf4+ 37. Nxf4 exf4 38. Rec3 Rg1+ 39. Kf2 Raf1+ 40. Ke2 Re1+ 41. Kd2 Rd1+ 42. Kc2 Rde1 43. R3c7 g5 44. hxg5+ Kxg5 45. Rg8+ Kf6 46. Rxg1 Rxg1 47. Kd3 Rg3+ 48. Ke2 Rxh3 49. Rxb7 Ke5 50. Rxa7 Rh2+ 51. Kf3 Rxb2 52. Re7+ Kd4 53. Kxf4 Rf2+ 54. Kg5 Ra2 55. Kf5 Rxa3 56.
Ke6 Kxe4 57. Kxd6+ Kd4 58. Ke6 Ra6+ 59. d6 Kc5 60. Rc7+ Kb6 61. Rc1 Ra2 62. d7 Re2+ 63. Kd6 Rd2+ 64. Ke7 Re2+ 65. Kd8 Kb7 66. Rb1+ Kc6 67.
Kc8 1-0

[Event "Live Chess"]
[Site "Chess.com"]
[Date "2023.05.20"]
[Round "-"]
[White "Pandreq"]
[Black "dudeasy"]
[Result "1-0"]
[WhiteElo "1277"]
[BlackElo "1100"]
[TimeControl "300"]
[EndTime "11:32:35 PDT"]
[Termination "Pandreq won by resignation"]

1. d4 Nf6 2. c4 e6 3. Nc3 Bb4 4. a3 Bxc3+ 5. bxc3 b6 6. Bg5 Bb7 7. e4 h6 8. Bxf6 Qxf6 9. e5 Qg6 10. Nf3 Nc6 11.
g3 Ne7 12. Bd3 Bxf3 13. Qxf3 Qg5 14. Qxa8+ Nc8 15. Qxc8+ Qd8 16. Qxd8+ 1-0

[Event "Live Chess"]
[Site "Chess.com"]
[Date "2023.05.20"]
[Round "-"]
[White "LiamClery2020"]
[Black "ossie57"]
[Result "1-0"]
[WhiteElo "2104"]
[BlackElo "1870"]
[TimeControl "300"]
[EndTime "11:32:44 PDT"]
[Termination "LiamClery2020 won by resignation"]

1. e4 d6 2. d4 Nf6 3. Nc3 Nbd7 4.
f3 e5 5. dxe5 dxe5 6. Be3 c6 7.
Qd2 Be7 8. Nge2 O-O 9. Ng3 Qc7 10.
Nf5 Bb4 11. Bh6 Bxc3 12. bxc3 g6 13. Bxf8 Kxf8 14. Qh6+ Ke8 15. Ng7+ Ke7 16. Bc4 b5 17. Bb3 Qa5 18. O-O Qxc3 19. Rad1 Qc5+ 20. Kh1 a5 21. f4 a4 22. fxe5 Qxe5 23. Nf5+ gxf5 24. exf5 Kd8 25. Bxf7 Kc7 26. Be6 Ng4 27. Qh4 Ngf6 28. Rfe1 Qc3 29. Qf4+ Kb6 30. Qf2+ Ka6 31. Rd6 Qc5 32. Qxc5 Nxc5 33. Bxc8+ Rxc8 34. Rxf6 b4 35. Rd6 Kb5 36. f6 Nb7 37. Rde6 1-0